 Dungeon Crawl Stone Soup version bcrawl-1.34.4 (webtiles) character file.

Game seed: 18048065377962452329

145320 KristoblXynda the Skirmisher (level 5, -1/46 HPs)
             Began as a Draconian Gladiator on Oct 20, 2021.
             Slain by an ooze (3 damage)
             ... in a sewer.
             The game lasted 00:03:44 (2338 turns).

KristoblXynda the Skirmisher (Draconian Gladiator)  Turns: 2338, Time: 00:03:45

Health: -1/46      AC:  6    Str: 18    XL:     5   Next: 7%
Magic:  5/5        EV: 13    Int:  8    God:
Gold:   91         SH:  1    Dex: 12    Spells: 4/4 levels left

rFire    . . .     SeeInvis .   a - +0 long sword
rCold    . . .     Gourm    .   (no shield)
rNeg     . . .     Faith    .   (armour unavailable)
rPois    .         Spirit   .   b - +1 hat
rElec    .         Reflect  .   (no cloak)
rCorr    .         Harm     .   (no gloves)
MR       .....                  (no boots)
Stlth    +.........             (no amulet)
HPRegen  0.15/turn              (no ring)
MPRegen  0.09/turn              (no ring)

@: no status effects
A: unfitting armour, cold-blooded, AC +5
a: no special abilities


You were in a sewer.
You were not hungry.

You visited 1 branch of the dungeon, and saw 3 of its levels.
You also visited: Sewer.

You collected 91 gold pieces.

Inventory:

Hand Weapons
 a - a +0 long sword (weapon)
Missiles
 c - 2 throwing nets (quivered) {=f}
Armour
 b - a +1 hat (worn)
Scrolls
 h - a scroll of remove curse
 j - 2 scrolls of teleportation
Potions
 d - a potion of brilliance {unknown}
 f - 2 potions of flight
 k - a potion of haste
 m - a potion of mutation
Comestibles
 e - 2 rations {!d}


   Skills:
 + Level 4.3 Fighting
 + Level 3.8 Long Blades
 + Level 2.8 Throwing
 + Level 3.5 Dodging


You had 4 spell levels left.
You didn't know any spells.
Your spell library was empty.

Dungeon Overview and Level Annotations

Branches:
Dungeon (3/12)

Altars:
Wu Jian

Annotations:
D:3 Grinder, Ijyb


Innate Abilities, Weirdness & Mutations

Your plain brown scales are hard. (AC +5)
You cannot fit into any form of body armour.
You are cold-blooded and may be slowed by cold attacks.


Message History

The bat closely misses you.
You are too injured to fight recklessly!
The giant cockroach misses you. The bat hits you but does no damage.
The bat barely misses you. The giant cockroach closely misses you.
You miss the frilled lizard. The giant cockroach bites you.
* * * LOW HITPOINT WARNING * * *
The frilled lizard bites you.
* * * LOW HITPOINT WARNING * * *
The bat closely misses you. The giant cockroach barely misses you.
The frilled lizard barely misses you.
You hit the giant cockroach.
The giant cockroach is moderately wounded.
The bat hits you.
* * * LOW HITPOINT WARNING * * *
The giant cockroach bites you but does no damage.
The frilled lizard bites you but does no damage.
You barely miss the frilled lizard. The bat hits you but does no damage. x2
The giant cockroach closely misses you. The frilled lizard closely misses you.
The ooze hits you.
You die...

##### #
##..b##
###.##..lJ@##
.≈.......sl.#
≈≈.....∩....#
..####......#
###.∩### ####


You could see an ooze, a giant cockroach, a bat and 2 frilled lizards.

Vanquished Creatures
  An orc wizard (D:2)
  Robin (D:3)
  2 adders
  An ooze (D:2)
  2 worms
  A dart slug (D:1)
  2 leopard geckos (D:2)
  An orc (D:2)
  4 ball pythons
  3 bats
  4 giant cockroaches
  10 goblins
  17 hobgoblins
  2 jackals (D:2)
  A quokka (D:3)
  3 frilled lizards (D:1)
  9 kobolds
  5 rats
69 creatures vanquished.

Vanquished Creatures (others)
  A kobold (D:3)
1 creature vanquished.

Grand Total: 70 creatures vanquished

Notes
Turn   | Place    | Note
-------+----------+-------------------------------------------
     0 | D:1      | KristoblXynda the Draconian Gladiator began the quest for
                  | the Orb.
     0 | D:1      | Reached XP level 1. HP: 19/19 MP: 1/1
   244 | D:1      | Reached XP level 2. HP: 26/26 MP: 2/2
   733 | D:1      | Reached XP level 3. HP: 33/33 MP: 3/3
  1638 | D:2      | Found an ornate altar of the Wu Jian Council.
  1703 | D:2      | Reached skill level 4 in Fighting
  1703 | D:2      | Reached XP level 4. HP: 21/40 MP: 4/4
  2059 | D:3      | Noticed Ijyb
  2060 | D:3      | Noticed Grinder
  2237 | D:3      | Noticed Robin
  2290 | D:3      | Killed Robin
  2295 | D:3      | Reached XP level 5. HP: 18/46 MP: 5/5
  2322 | D:3      | Found a glowing drain.
  2331 | Sewer    | Entered a sewer
  2337 | Sewer    | HP: 2/46 [bat (1)]
  2338 | Sewer    | Slain by an ooze

Skill      XL: |  1  2  3 |
---------------+----------+-----
Throwing       | 2 |  2.8
Dodging        | 3 |  3.5
Fighting       | 4 |  4.3
Long Blades    | |  3.8

Action                   |  1- 3 |  4- 6 || total
-------------------------+-------+-------++-------
Melee: Long sword        |   150 |    87 ||   237
       Tailslap          |    16 |    11 ||    27
Throw: Throwing net      |     2 |       ||     2
  Use: Scroll            |     4 |     2 ||     6
       Potion            |     1 |     2 ||     3
 Stab: Sleeping          |     2 |       ||     2
  Eat: Chunk             |     6 |     2 ||     8
       Ration            |       |     1 ||     1
Armor: Skin              |    49 |    53 ||   102
Dodge: Dodged            |   111 |    76 ||   187
Block: Other             |       |     1 ||     1
